AoeStats
← Didi

Oasis

510006247Analyzed
4v4 RM · 5d ago on Sep 29, 2026· 63m 48s· 8 players
Game mode
Random Map
Map size
Large (8 player)
Population
200
Speed
Normal
Resources
Standard
Victory
Conquest
Starting age
Dark Age
Ending age
Imperial Age
RankedLock teamsTeams togetherTeam positionsShared explorationLock speedFull tech treeHidden civsTurbo modeCheats
Victory
Defeat
🇦🇷 Jurchens · Argentina
1661
+15
🇲🇽 Britons · Mexico
1644
+16
🇦🇷 Ethiopians · Argentina
1600
+17
🇺🇸 Japanese · United States
1512
+22
🇨🇱 Huns · Chile
1641
-18
🇨🇱 Jurchens · Chile
1638
-18
🇦🇷 Wei · Argentina
1628
-17
🇨🇱 Saxons · Chile
1620
-17
HK | El Chairo
5:33 Loom
7:57 Feudal Age
9:49 Double-Bit Axe
9:51 Horse Collar
15:04 Wheelbarrow
18:29 Castle Age
19:37 Bow Saw
19:27 Heavy Plow
21:36 Gold Mining
24:13 Fletching
25:19 Bodkin Arrow
32:17 Imperial Age
30:37 Padded Archer Armor
31:51 Ballistics
32:14 Hand Cart
32:31 Leather Archer Armor
33:09 Bracer
34:12 Chemistry
34:53 Ring Archer Armor
35:01 Scale Mail Armor
35:12 Forging
36:00 Siege Engineers
36:05 Masonry
35:25 Pikeman
35:51 Gambesons
36:07 Squires
36:16 Arson
36:46 Chain Mail Armor
36:23 Halberdier
37:43 Conscription
38:16 Yeomen
38:38 Plate Mail Armor
40:25 Two-Man Saw
39:17 Gold Mining
39:17 Stone Mining
38:58 Elite Longbowman
40:35 Iron Casting
40:35 Town Watch
42:18 Gold Shaft Mining
42:28 Hoardings
42:25 Architecture
41:36 Treadmill Crane
44:25 Town Patrol
45:06 Fortified Wall
44:51 Murder Holes
44:42 Arrowslits
46:57 Warwolf
48:36 Blast Furnace
48:45 Caravan
63:37 Coinage
MenaChuuni
7:07 Loom
9:26 Feudal Age
10:01 Double-Bit Axe
10:03 Horse Collar
16:52 Forging
17:34 Scale Barding Armor
20:35 Bloodlines
23:00 Castle Age
21:45 Bloodlines
23:29 Gold Mining
23:31 Stone Mining
23:53 Bow Saw
23:55 Light Cavalry
25:36 Chain Barding Armor
29:18 Wheelbarrow
31:58 Heavy Plow
32:49 Husbandry
34:49 Scale Mail Armor
35:48 Fletching
38:40 Imperial Age
36:24 Fletching
36:37 Squires
37:29 Gold Shaft Mining
37:58 Chain Mail Armor
38:40 Hand Cart
39:02 Iron Casting
38:16 Arson
39:44 Conscription
40:03 Plate Mail Armor
39:04 Capped Ram
41:24 Two-Man Saw
39:57 Elite Samurai
41:45 Yasama
42:33 Kataparuto
43:47 Blast Furnace
43:29 Siege Engineers
45:19 Chemistry
44:56 Town Watch
46:09 Caravan
51:39 Coinage
54:28 Banking
59:21 Treadmill Crane
59:12 Pikeman
59:51 Bodkin Arrow
60:58 Halberdier
Didi
3:29 Loom
9:14 Feudal Age
9:48 Double-Bit Axe
13:46 Fletching
21:12 Wheelbarrow
25:33 Castle Age
24:35 Padded Archer Armor
25:36 Crossbowman
26:29 Bodkin Arrow
27:35 Ballistics
29:05 Leather Archer Armor
33:22 Horse Collar
33:36 Town Watch
44:09 Imperial Age
42:53 Bow Saw
43:52 Scale Mail Armor
44:02 Forging
44:05 Masonry
45:52 Chemistry
44:14 Arbalester
44:55 Bracer
45:41 Ring Archer Armor
45:32 Hand Cart
46:20 Thumb Ring
46:59 Forging
47:11 Gold Mining
47:36 Elite Skirmisher
54:41 Halberdier
56:00 Chain Mail Armor
56:20 Iron Casting
57:43 Plate Mail Armor
59:49 Heavy Scorpion
61:41 Onager
62:39 Onager
Mati
10:56 Feudal Age
11:36 Double-Bit Axe
11:32 Horse Collar
14:41 Castle Age
12:29 Loom
14:45 Castle Age
16:17 Heavy Plow
19:47 Wheelbarrow
21:52 Bow Saw
22:25 Gold Mining
23:12 Hand Cart
23:28 Town Watch
24:29 Gold Shaft Mining
24:19 Scale Barding Armor
25:17 Bloodlines
25:07 Husbandry
25:40 Forging
25:32 Husbandry
27:02 Iron Casting
27:33 Chain Barding Armor
29:20 Stone Mining
32:20 Imperial Age
32:28 Stone Shaft Mining
33:39 Plate Barding Armor
32:25 Elite Steppe Lancer
34:13 Chemistry
33:20 Siege Engineers
34:30 Blast Furnace
36:45 Conscription
36:52 Guilds
37:45 Masonry
39:18 Two-Man Saw
38:48 Crop Rotation
39:34 Elite Iron Pagoda
40:25 Fletching
40:57 Ballistics
42:13 Hoardings
41:40 Fortified Bastions
43:06 Thunderclap Bombs
43:06 Bodkin Arrow
43:11 Padded Archer Armor
44:16 Bracer
44:24 Caravan
45:13 Architecture
45:18 Leather Archer Armor
46:03 Coinage
47:14 Ring Archer Armor
48:17 Light Cavalry
50:12 Banking
49:38 Hussar
52:10 Scale Mail Armor
52:12 Squires
53:08 Chain Mail Armor
52:26 Pikeman
52:52 Gambesons
54:41 Elite Skirmisher
[CL] FARFANA
5:45 Loom
8:26 Feudal Age
9:33 Double-Bit Axe
10:14 Horse Collar
19:15 Castle Age
18:39 Gold Mining
19:26 Bloodlines
19:22 Scale Barding Armor
19:28 Forging
20:20 Bow Saw
20:50 Chain Barding Armor
21:14 Wheelbarrow
23:10 Husbandry
28:20 Iron Casting
33:14 Hand Cart
36:43 Imperial Age
37:02 Heavy Plow
36:56 Cavalier
38:29 Plate Barding Armor
38:48 Gold Shaft Mining
38:05 Stone Mining
40:01 Paladin
44:03 Conscription
47:13 Caravan
49:22 Two-Man Saw
51:42 Light Cavalry
[CL] Dubstepyzed
6:18 Loom
8:54 Feudal Age
10:27 Man-at-Arms
14:03 Fletching
14:35 Double-Bit Axe
18:15 Wheelbarrow
22:06 Castle Age
20:48 Gold Mining
22:46 Bodkin Arrow
23:18 Crossbowman
27:30 Stone Mining
27:50 Guard Tower
29:33 Ballistics
30:51 Bow Saw
30:59 Town Watch
31:56 Horse Collar
32:41 Heavy Plow
35:05 Hand Cart
39:53 Imperial Age
37:08 Treadmill Crane
38:26 Masonry
38:43 Murder Holes
39:40 Scale Mail Armor
40:47 Chain Mail Armor
41:02 Bracer
42:03 Chemistry
42:09 Two-Man Saw
41:38 Conscription
42:17 Gold Shaft Mining
42:04 Squires
41:50 Arson
42:24 Thumb Ring
41:43 Arbalester
42:26 Padded Archer Armor
43:25 Plate Mail Armor
43:06 Forging
43:35 Keep
42:25 Capped Ram
43:28 Leather Archer Armor
43:43 Siege Ram
45:02 Iron Casting
45:20 Coinage
44:58 Shield Wall
46:41 Ring Archer Armor
45:57 Siege Ram
47:23 Crop Rotation
47:23 Elite Hearth Troop
48:03 Arrowslits
50:17 Architecture
50:41 Hoardings
51:21 Hoardings
51:24 Guilds
55:04 Onager
57:02 Caravan
56:42 Elite Skirmisher
60:46 Siege Engineers
[CL] el mago del semen
6:07 Loom
8:30 Feudal Age
9:28 Double-Bit Axe
10:21 Horse Collar
12:54 Gold Mining
16:38 Wheelbarrow
19:39 Castle Age
20:47 Bow Saw
20:50 Heavy Plow
21:28 Gold Shaft Mining
20:44 Stone Mining
27:12 Scale Barding Armor
32:33 Imperial Age
31:31 Chain Barding Armor
31:21 Forging
32:25 Stone Shaft Mining
32:38 Hand Cart
32:09 Town Watch
33:45 Iron Casting
33:40 Conscription
34:27 Ming Guang Armor
34:43 Masonry
35:33 Chemistry
35:47 Fletching
36:36 Ballistics
36:53 Elite Tiger Cavalry
38:22 Bodkin Arrow
38:27 Padded Archer Armor
39:05 Ballistics
38:30 Elite Skirmisher
39:22 Bracer
40:59 Padded Archer Armor
42:28 Bracer
42:43 Leather Archer Armor
43:13 Scale Mail Armor
44:13 Blast Furnace
43:47 Squires
43:33 Arson
43:10 Pikeman
44:16 Halberdier
46:53 Ring Archer Armor
46:24 Scale Mail Armor
49:26 Tuntian
58:45 Chain Mail Armor
[CL] Libertaria
0:26 Loom
8:51 Feudal Age
9:21 Double-Bit Axe
10:21 Horse Collar
16:01 Scale Barding Armor
17:44 Bloodlines
18:41 Forging
19:23 Wheelbarrow
22:36 Castle Age
22:49 Gold Mining
22:54 Light Cavalry
23:55 Chain Barding Armor
24:05 Loom
24:43 Husbandry
26:41 Bow Saw
29:41 Heavy Plow
30:17 Town Watch
34:30 Hand Cart
36:50 Imperial Age
37:05 Elite Steppe Lancer
39:06 Iron Casting
39:35 Plate Barding Armor
41:18 Crop Rotation
42:13 Blast Furnace
42:55 Conscription
45:11 Thunderclap Bombs
46:15 Padded Archer Armor
47:11 Leather Archer Armor
47:16 Caravan
47:36 Siege Engineers
48:06 Ballistics
48:05 Hussar
53:44 Ring Archer Armor
61:34 Chemistry
Connection lost

Rejoining the realm…

Still unreachable

The connection could not be restored.

Session expired

The server has moved on; the page needs a fresh start.